 Dungeon Crawl Stone Soup version 0.32-a0-126-g9fbf7fb75a (webtiles) character file.

Game seed: 3194296976373968822

10636 Nattfarinn the Warmonger (level 11, -5/115 HPs)
             Began as an Oni Gladiator on Feb 7, 2024.
             Was a High Priest of Okawaru.
             Slain by a boulder beetle (24 damage)
             ... on level 11 of the Dungeon.
             The game lasted 00:16:41 (12137 turns).

Nattfarinn the Warmonger (Oni Gladiator)           Turns: 12137, Time: 00:16:41

Health: -5/115     AC:  8    Str: 24    XL:     11   Next: 65%
Magic:  22/22      EV: 10    Int:  9    God:    Okawaru [*****.]
Gold:   508        SH:  0    Dex: 10    Spells: 10/10 levels left

rFire   . . .        m - +1 lajatang (speed)
rCold   . . .        (shield currently unavailable)
rNeg    . . .        j - +0 steam dragon scales
rPois   .            c - +1 hat
rElec   .            q - +0 cloak
rCorr   .            (gloves unavailable)
SInv    .            (boots unavailable)
Will    +....        (no amulet)
Stlth   +            L - ring of flight
HPRegen 0.39/turn    (no ring)
MPRegen 0.18/turn

%: no passive effects
@: flying
A: large, unfitting armour, horns 1, tough skin 1, double potion healing,
drunken brawling
a: Renounce Religion, Heroism, Finesse, Duel


You were on level 11 of the Dungeon.
You worshipped Okawaru.
Okawaru was extremely pleased with you.
You visited 2 branches of the dungeon, and saw 12 of its levels.
You also visited: Ossuary.

You collected 508 gold pieces.

Inventory:

Hand Weapons
 a - a +0 war axe
 m - a +1 lajatang of speed (weapon)
 G - a +2 dagger of electrocution
Missiles
 d - 4 throwing nets (quivered)
 e - a large rock
Armour
 b - a +0 robe
 c - a +1 hat (worn)
 j - +0 steam dragon scales (worn)
 q - a +0 cloak (worn)
 K - a +2 robe of fire resistance
Jewellery
 t - a ring of wizardry
 w - a ring of wizardry
 y - a ring of fire
 I - a ring of magical power
 L - a ring of flight (left hand)
 M - a ring of positive energy
Wands
 r - a wand of mindburst (31)
 z - a wand of roots (11)
 H - a wand of flame (19)
Scrolls
 f - 2 scrolls of silence
 i - a scroll of brand weapon {unknown}
 o - 7 scrolls of teleportation
 s - 2 scrolls of immolation
 u - 2 scrolls of blinking
 v - a scroll of fear
 x - 2 scrolls of revelation
 F - a scroll of vulnerability
 J - a scroll of fog
Potions
 g - a potion of heal wounds
 h - a potion of resistance {unknown}
 k - a potion of curing
 l - 2 potions of ambrosia {unknown}
 n - 2 potions of brilliance {unknown}
 p - 3 potions of haste {unknown}
 A - 3 potions of invisibility
 B - 4 potions of mutation
 C - a potion of magic {unknown}
 D - a potion of might {unknown}
 E - 2 potions of lignification {unknown}


   Skills:
 + Level 9.6 Fighting
 - Level 3.4(3.6) Axes
 - Level 1.2(7.0) Polearms
 * Level 10.3(10.4) Staves
 - Level 2.0 Throwing
 - Level 2.6 Dodging
 - Level 15.0 Invocations


You had 10 spell levels left.
You didn't know any spells.
Your spell library contained the following spells:

 Spells                   Type           Power      Damage    Failure   Level
 Fugue of the Fallen      Necr           0%         N/A       77%         3
 Hailstorm                Conj/Ice       0%         3d5       77%         3
 Ozocubu's Armour         Ice            0%         N/A       77%         3
 Manifold Assault         Tloc           0%         N/A       99%         4
 Summon Ice Beast         Ice/Summ       Unusable   N/A       N/A         3
 Sculpt Simulacrum        Ice/Alch       Unusable   N/A       N/A         6

Dungeon Overview and Level Annotations

Branches:
Dungeon (11/15)            Temple (1/1) D:5            Lair (0/5) D:8
Ossuary (visited)
    Orc: D:9-12

Altars:
Ashenzari
Cheibriados
Dithmenos
Elyvilon
Fedhas
Gozag
Hepliaklqana
Kikubaaqudgha
Makhleb
Nemelex Xobeh
Okawaru
Qazlal
Ru
Sif Muna
Trog
Uskayaw
Vehumet
Wu Jian
Xom
Yredelemnul
Zin
The Shining One

Shops:
D:1 [   D:3 (   D:6 *

Annotations:
D:5 2 transporters, Fastnbulbous's ghost, amateur GrSh
D:6 1 runed translucent door, Struensee's ghost, novice MiBe


Innate Abilities, Weirdness & Mutations

You are too large for most types of armour.
You have a pair of small horns on your head.
You have tough skin. (AC +1)
You gain doubled healing and magic from potions.
Whenever you drink a healing potion, you attack all around you.


Message History

You hear a shout!
The boulder beetle bites you!!
You hit the boulder beetle.
Your headbutt misses the boulder beetle.
The boulder beetle is heavily wounded.
You hit the boulder beetle.
Your headbutt misses the boulder beetle.
The boulder beetle is severely wounded.
The boulder beetle barely misses you.
You hit the boulder beetle but do no damage.
You headbutt the boulder beetle.
The boulder beetle is severely wounded.
You hit the boulder beetle.
The boulder beetle is severely wounded.
The boulder beetle leaps!
The boulder beetle curls into a ball and begins rolling!
The kobold brigand throws a poisoned dart.
The poisoned dart barely misses you. The boulder beetle hits you!
The boulder beetle stops rolling and uncurls.
You hit the boulder beetle but do no damage.
You headbutt the boulder beetle, but do no damage.
The boulder beetle is severely wounded.
The boulder beetle bites you!
* * * LOW HITPOINT WARNING * * *
You slash the boulder beetle!
The boulder beetle is almost dead.
The boulder beetle bites you!
* * * LOW HITPOINT WARNING * * *
You hit the boulder beetle but do no damage.
The boulder beetle is almost dead.
Unknown command.
You hit the boulder beetle but do no damage.
The boulder beetle is almost dead.
The boulder beetle leaps!
The boulder beetle curls into a ball and begins rolling!
A kobold comes into view.
It is wielding a +2 short sword of speed.
The kobold shouts!
You hear a shout!
The boulder beetle hits you!!
You die...

#.........'.#......
#.........###......
#.........# #......
#.........# #......
#.........# ##.####
#####....## ..
##.....#### ##
#.......# #.B@....#
#..K....# #.......#
#.......# #.).....+
#.......# ###'#####
#.K ###.


You could see a boulder beetle (rolling), a kobold brigand and a kobold.

Vanquished Creatures
  2 two-headed ogres (D:9)
  Pikel (D:8)
  2 ugly things (D:9)
  A manticore (D:9)
  A gargoyle (D:9)
  Jeremiah (D:8)
  Maggie (D:7)
  2 unseen horrors (D:10)
  A troll (D:10)
  2 hornets
  A shadow (D:10)
  2 wyverns (D:9)
  7 yaks (D:9)
  2 vampires
  A wraith (D:10)
  3 steam dragons
  A vampire mosquito (D:10)
  Duvessa (D:7)
  A water moccasin (D:9)
  3 orc warriors
  An ice beast (D:6)
  2 sky beasts
  A centaur (D:7)
  A phantom (D:7)
  A lemure (D:8)
  A weeping skull (Ossuary)
  A kobold brigand (D:9)
  5 bullfrogs
  4 scorpions
  6 wights
  Dowan (D:7)
  A burial acolyte (Ossuary)
  8 killer bees
  6 howler monkeys
  A centaur zombie (Ossuary)
  7 orc priests
  2 bombardier beetles (D:5)
  3 hounds
  A sleepcap (D:4)
  2 iguanas
  6 orc wizards
  4 mummies
  11 gnolls
  9 adders
  2 ufetubi (D:6)
  2 dart slugs (D:2)
  A ribbon worm (D:2)
  30 orcs
  6 endoplasms
  4 giant cockroaches
  2 gnoll zombies (Ossuary)
  4 goblins
  9 hobgoblins
  5 quokkas
  6 ball pythons
  6 bats
  5 frilled lizards
  15 kobolds
  2 kobold zombies (Ossuary)
  3 orc zombies (Ossuary)
  2 rats (D:2)
225 creatures vanquished.

Notes
Turn   | Place    | Note
-------+----------+-------------------------------------------
     0 | D:1      | Nattfarinn the Oni Gladiator began the quest for the Orb.
     0 | D:1      | Reached XP level 1. HP: 22/22 MP: 1/1
   211 | D:1      | Reached XP level 2. HP: 31/31 MP: 2/2
   273 | D:1      | Found Paidiaru's Armour Emporium.
   643 | D:1      | Reached XP level 3. HP: 39/39 MP: 3/3
  1202 | D:2      | Found a hazy altar of Hepliaklqana.
  1370 | D:2      | Reached skill level 1 in Staves
  1449 | D:2      | Reached XP level 4. HP: 49/49 MP: 4/4
  1522 | D:2      | Found a faded altar of an unknown god.
  1787 | D:3      | Found a burning altar of Makhleb.
  1792 | D:3      | Found a glowing silver altar of Zin.
  2153 | D:3      | Found Xisotubaeha's Weapon Shop.
  2715 | D:4      | Reached XP level 5. HP: 55/55 MP: 5/5
  2754 | D:4      | Found a shimmering blue altar of Sif Muna.
  2770 | D:4      | Found a radiant altar of Vehumet.
  2942 | D:4      | Reached skill level 5 in Fighting
  3205 | D:4      | Reached XP level 6. HP: 18/66 MP: 6/6
  3210 | D:4      | HP: 1/66 [gnoll/+0 flail (8)]
  3426 | D:4      | Found the +7 staff of the Meek {protect, meekguard}
  3581 | D:5      | Entered Level 5 of the Dungeon
  3775 | D:5      | Reached XP level 7. HP: 76/76 MP: 7/7
  3779 | D:5      | Reached skill level 5 in Staves
  3942 | D:5      | Found a transporter.
  3944 | D:5      | Noticed Fastnbulbous's ghost (amateur GrSh)
  3956 | D:5      | Found a transporter.
  4009 | D:5      | Found a staircase to the Ecumenical Temple.
  4037 | Temple   | Found a transporter.
  4037 | Temple   | Found a transporter.
  4037 | Temple   | Found a transporter.
  4037 | Temple   | Found a transporter.
  4037 | Temple   | Entered the Ecumenical Temple
  4054 | Temple   | Became a worshipper of Warmaster Okawaru
  4356 | D:6      | Found a sand-covered staircase.
  4362 | D:6      | Reached skill level 1 in Invocations
  4430 | Ossuary  | Entered an ossuary
  4547 | Ossuary  | Reached skill level 2 in Invocations
  4547 | Ossuary  | Reached XP level 8. HP: 78/87 MP: 9/9
  4792 | D:6      | Found a hide-covered altar of Uskayaw.
  4889 | D:6      | Noticed Struensee's ghost (novice MiBe)
  4892 | D:6      | Found a runed translucent door.
  5015 | D:6      | Reached * piety under Okawaru
  5016 | D:6      | Reached skill level 3 in Invocations
  5451 | D:6      | Found Gyizen's General Store.
  5495 | D:6      | Reached skill level 4 in Invocations
  5647 | D:7      | Noticed Maggie
  5665 | D:7      | Killed Maggie
  5666 | D:7      | Reached skill level 6 in Invocations
  5673 | D:7      | Reached XP level 9. HP: 38/93 MP: 10/13
  5926 | D:7      | Reached ** piety under Okawaru
  5927 | D:7      | Reached skill level 7 in Invocations
  6376 | D:7      | Reached skill level 8 in Invocations
  6396 | D:7      | Noticed Duvessa
  6396 | D:7      | Noticed Dowan
  6405 | D:7      | Killed Duvessa
  6409 | D:7      | Killed Dowan
  6796 | D:7      | Reached skill level 9 in Invocations
  6924 | D:8      | Found a staircase to the Lair.
  7021 | D:8      | Found a sparkling altar of Nemelex Xobeh.
  7353 | D:8      | Reached skill level 10 in Invocations
  7547 | D:8      | Noticed Jeremiah
  7561 | D:8      | Killed Jeremiah
  7748 | D:8      | Noticed Pikel
  7758 | D:8      | Killed Pikel
  7759 | D:8      | Reached skill level 11 in Invocations
  7759 | D:8      | Reached XP level 10. HP: 49/102 MP: 15/18
  7761 | D:8      | Reached skill level 12 in Invocations
  7918 | D:8      | Reached *** piety under Okawaru
  8019 | D:8      | Found a bloodstained altar of Trog.
  8565 | D:9      | Noticed a two-headed ogre
  8567 | D:9      | Identified the +2 pair of boots of Leapfrog {Int+4}
  8575 | D:9      | Killed a two-headed ogre
  8576 | D:9      | Reached skill level 13 in Invocations
  8820 | D:9      | Found a hazy altar of Hepliaklqana.
  8864 | D:9      | Noticed a two-headed ogre
  9010 | D:9      | Killed a two-headed ogre
  9010 | D:9      | Reached **** piety under Okawaru
  9011 | D:9      | Reached skill level 14 in Invocations
  9459 | D:9      | Found a stormy altar of Qazlal.
  9481 | D:9      | Noticed a brown ugly thing
  9484 | D:9      | Noticed a green ugly thing
  9641 | D:9      | Noticed a manticore
  9653 | D:9      | Killed a manticore
  9654 | D:9      | Reached skill level 15 in Invocations
  9809 | D:9      | Reached skill level 1 in Polearms
  9920 | D:9      | Reached XP level 11. HP: 93/109 MP: 22/22
 10111 | D:9      | Reached ***** piety under Okawaru
 10579 | D:9      | Killed a green ugly thing
 11017 | D:10     | Entered Level 10 of the Dungeon
 11226 | D:10     | Identified the +3 scale mail "Qucikhlask" {Will+}
 11407 | D:9      | Killed a brown ugly thing
 11408 | D:9      | Reached skill level 10 in Staves
 11597 | D:10     | Identified the +6 scale mail of Fywkawu {Rampage Slay+3
                  | Stlth+}
 12096 | D:11     | Noticed a boulder beetle
 12137 | D:11     | Slain by a boulder beetle

Illustrated notes

Levels and vault maps discovered:
D:1:      reono_arrival_forest_river, layout_loops_ring, serial_shops, shop,
          minmay_misc_feat_five, minivault_19, grunt_decor_clamped
D:2:      layout_loops_ring, hellmonk_ecumenical_altar_leap_of_faith,
          basic_altar, minmay_tetromino_l4
D:3:      layout_loops_ring, grunt_temple_overflow_order_and_chaos_2,
          serial_shops, nicolae_shop_bloodbath_and_beyond,
          chequers_serial_rivers_micro_a, kennysheep_generic_room_14
D:4:      layout_loops_ring, mainiacjoe_overflow_catwalk_spiral
D:5:      layout_basic, temple_statues, gammafunk_ghost_stat_death
D:6:      layout_rooms, mainiacjoe_overflow_boulevard, serial_shops,
          nicolae_lakefront_shop, gup_ossuary_entry_pyramid,
          hellmonk_ghost_happy_afterlife
D:7:      layout_loops_ring, uniq_maggie, uniq_duvessa
D:8:      layout_basic, old_standard_altar, kennysheep_mini, dpeg_oklobed_lair,
          uniq_jeremiah, uniq_pikel
D:9:      layout_basic, nicolae_hepliaklqana_hazy_memory, grunt_qazlal_clouds,
          nicolae_doodle_vault
D:10:     layout_rooms, minmay_diced_spiral
D:11:     layout_roguey, orc_0_dummy, serial_shops, shop, uniq_sonja, uniq_grum
Temple:   hellmonk_temple_divided_pantheon

Skill      XL: |  1  2  3  4  5  6  7  8  9 10 11 |
---------------+----------------------------------+-----
Fighting       | 3 4 5 6 7 9 |  9.6
Staves         | 1 2 3 4 6 7 8 10 | 10.3
Invocations    | 2 6 11 15 | 15.0
Polearms       | 1 |  1.2
Axes           | |  3.4
Throwing       | |  2.0
Dodging        | |  2.6

Action                     |  1- 3 |  4- 6 |  7- 9 | 10-12 || total
---------------------------+-------+-------+-------+-------++-------
  Melee: War axe           |    79 |       |       |       ||    79
         Headbutt          |    14 |    22 |    52 |    56 ||   144
         Punch             |     2 |       |       |       ||     2
         Lajatang          |    24 |   128 |   297 |   294 ||   743
 Invoke: Heroism           |       |       |     4 |     5 ||     9
         Finesse           |       |       |       |     1 ||     1
    Use: Potion            |       |       |     4 |     4 ||     8
         Scroll            |       |       |       |    15 ||    15
   Stab: Sleeping          |     5 |     1 |     1 |       ||     7
         Distracted        |       |       |     1 |       ||     1
 Armour: Robe              |    70 |    73 |   200 |    64 ||   407
         Steam dragon scal |       |       |       |   139 ||   139
  Dodge: Dodged            |    56 |    45 |   131 |   104 ||   336

Table legend: (Time is in decaauts)
 A = Elapsed time spent in this place.
 B = Non-inter-level travel time spent in this place.
 C = Inter-level travel time spent in this place.
 D = Time resting spent in this place.
 E = Time spent auto-exploring this place.
 F = Levels seen in this place.
 G = Mean time per level.
                   A        B        C        D        E       F      G
               +--------+--------+--------+--------+--------+-----+--------+
         Total |  11945 |  11600 |    345 |   1542 |   8380 |  13 |  918.8 |
       Dungeon |  11575 |  11230 |    345 |   1542 |   8109 |  11 | 1052.3 |
        Temple |     28 |     28 |      0 |      0 |      0 |   1 |   28.0 |
       Ossuary |    340 |    340 |      0 |      0 |    271 |   1 |  340.0 |
               +--------+--------+--------+--------+--------+-----+--------+

Top non-repeatable levels by time:
     D:9: 2513 daAuts
     D:8: 1656 daAuts
     D:7: 1157 daAuts
     D:4: 975 daAuts
    D:10: 952 daAuts
     D:6: 950 daAuts
     D:1: 927 daAuts
     D:3: 864 daAuts
     D:2: 823 daAuts
     D:5: 700 daAuts
 Ossuary: 340 daAuts
    D:11: 54 daAuts
  Temple: 28 daAuts
